 Dungeon Crawl Stone Soup version 0.24.0-1-gfbc8707 (webtiles) character file.

Game seed: 13121262895341001990, levelgen mode: deterministic

299 Dorkslayer the Covered (level 6, -1/48 HPs)
             Began as a Barachi Fighter on Nov 13, 2019.
             Slain by a bullfrog (2 damage)
             ... in a sewer.
             The game lasted 00:12:26 (2192 turns).

Dorkslayer the Covered (Barachi Fighter)            Turns: 2192, Time: 00:12:27

Health: -1/48      AC: 12    Str: 18    XL:     6   Next: 36%
Magic:  6/6        EV:  5    Int:  9    God:
Gold:   140        SH:  9    Dex: 12    Spells: 5/5 levels left

rFire    . . .     SeeInvis .   a - +0 long sword
rCold    . . .     Gourm    .   c - +0 shield
rNeg     . . .     Faith    .   j - +0 chain mail
rPois    .         Spirit   .   m - +0 helmet
rElec    .         Reflect  .   (no cloak)
rCorr    .         Harm     .   (no gloves)
MR       .....                  l - +0 pair of boots
Stlth    ..........             (no amulet)
HPRegen  0.16/turn              e - ring of wizardry
MPRegen  0.10/turn              (no ring)

@: lethally poisoned (-1 -> -2), slow
A: +LOS, swims, slowness 1, strong legs 1
a: Hop


You were in a sewer.
You were not hungry.

You visited 1 branch of the dungeon, and saw 3 of its levels.
You also visited: Sewer.

You collected 140 gold pieces.

Inventory:

Hand Weapons
 a - a +0 long sword (weapon)
Missiles
 p - 8 poisoned darts (quivered)
Armour
 c - a +0 shield (worn)
 j - a +0 chain mail (worn)
 l - a +0 pair of boots (worn)
 m - a +0 helmet (worn)
Jewellery
 e - a ring of wizardry (left hand)
Scrolls
 b - a scroll of amnesia
 g - a scroll of remove curse
 k - 2 scrolls of teleportation
 n - a scroll of fog
 s - a scroll of magic mapping {unknown}
 t - a scroll of fear {unknown}
Potions
 h - 3 potions of lignification
 o - a potion of degeneration
Comestibles
 f - 3 rations
 i - 9 chunks of flesh


   Skills:
 + Level 4.0 Fighting
 + Level 4.3 Long Blades
 + Level 1.1 Throwing
 + Level 5.6 Armour
 + Level 0.3 Dodging
 + Level 0.3 Stealth
 + Level 4.9 Shields


You had 5 spell levels left.
You didn't know any spells.
Your spell library was empty.

Dungeon Overview and Level Annotations

Branches:
Dungeon (3/15)              Sewer (1/1)

Altars:
Nemelex Xobeh


Innate Abilities, Weirdness & Mutations

Shadows flee at your approach. (+LOS)
You can swim through water.
You cover ground slowly.
You can hop short distances.


Message History

You barely miss the bullfrog.
The bullfrog is moderately wounded.
You block the bullfrog's attack.
The bullfrog hits you but does no damage.
You hit the bullfrog.
The bullfrog is moderately wounded.
* * * LOW HITPOINT WARNING * * *
You feel sick. You block the bullfrog's attack.
The bullfrog hits you but does no damage.
You miss the bullfrog.
The bullfrog is moderately wounded.
You block the bullfrog's attack.
The bullfrog hits you but does no damage.
You closely miss the bullfrog.
The bullfrog is moderately wounded.
* * * LOW HITPOINT WARNING * * *
You feel sick.
The bullfrog hits you but does no damage.
The bullfrog hits you.
You die...

###..≈≈≈≈≈≈≈≈≈≈≈≈≈≈≈
##....≈≈≈≈≈≈≈..≈#≈≈≈≈
#.....≈≈≈≈≈≈#≈≈≈≈≈≈≈≈
#....≈≈≈≈≈≈≈≈≈≈≈≈(≈(#
##....≈≈≈≈≈≈≈≈≈≈≈≈≈≈≈≈
#......≈≈≈≈≈≈≈≈≈≈≈≈≈≈≈
#...÷#################
##..S#### #....#@.#
#.÷..F†.# #...#####
##...##
#....#################
#......≈≈≈≈≈≈≈#≈≈≈≈≈≈≈
##÷...≈≈≈≈≈≈≈≈≈≈≈≈≈≈≈≈
#..÷..≈≈≈≈≈.[.≈≈≈≈≈≈≈
#..÷..≈≈≈≈≈≈(.≈≈≈≈≈≈≈


You could see a bullfrog.

Vanquished Creatures
  A bullfrog (Sewer)
  9 adders
  7 river rats
  An ooze (D:2)
  An adder skeleton (D:2)
  3 leopard geckos
  2 orcs
  2 bats (D:2)
  2 giant cockroaches
  9 goblins
  5 hobgoblins
  4 jackals (D:2)
  A quokka (D:2)
  14 ball pythons
  6 frilled lizards
  2 kobolds
  27 rats
96 creatures vanquished.

Notes
Turn   | Place    | Note
-------+----------+-------------------------------------------
     0 | D:1      | Dorkslayer the Barachi Fighter began the quest for the Orb.
     0 | D:1      | Reached XP level 1. HP: 18/18 MP: 1/1
   350 | D:1      | Reached XP level 2. HP: 25/25 MP: 2/2
   609 | D:2      | Reached skill level 4 in Armour
   690 | D:2      | Found a faded altar of an unknown god.
   755 | D:2      | Reached XP level 3. HP: 18/30 MP: 3/3
  1000 | D:2      | Found a sparkling altar of Nemelex Xobeh.
  1160 | D:3      | Reached XP level 4. HP: 36/37 MP: 4/4
  1233 | D:3      | Found a glowing drain.
  1261 | Sewer    | Entered a sewer
  1492 | Sewer    | Reached XP level 5. HP: 19/42 MP: 5/5
  1506 | Sewer    | Reached skill level 5 in Armour
  2083 | Sewer    | Reached XP level 6. HP: 48/48 MP: 6/6
  2174 | Sewer    | Reached skill level 1 in Throwing
  2190 | Sewer    | HP: 2/48 [poisoned by an adder]
  2192 | Sewer    | Slain by a bullfrog

Levels and vault maps discovered:
D:1:      lightli_arrival_statue_moat, layout_loops_ring
D:2:      layout_basic, nemelex_xobeh_ov_fountains_minmay,
          chequers_ecumenical_altar_simple, grunt_ministairs_8,
          hangedman_decor_push, minmay_diced_spiral
D:3:      layout_basic, cheibriados_altar_1, elyvilon_altar_4,
          portal_sewer_entry_c, gammafunk_ghost_smash,
          hangedman_decor_clover_reticule, fountainhead
Sewer:    sewer_minmay_w

Skill      XL: |  1  2  3  4  5  6 |
---------------+-------------------+-----
Armour         | 4 5 |  5.6
Long Blades    | 3 4 |  4.3
Shields        | 4 |  4.9
Fighting       | 4 |  4.0
Throwing       | 1 |  1.1
Dodging        | |  0.3
Stealth        | |  0.3

Action                   |  1- 3 |  4- 6 || total
-------------------------+-------+-------++-------
Melee: Long sword        |   143 |   236 ||   379
Throw: Dart              |     7 |    14 ||    21
 Abil: Hop               |     1 |     1 ||     2
  Use: Potion            |     1 |     7 ||     8
       Scroll            |     5 |     2 ||     7
 Stab: Invisible         |       |     8 ||     8
  Eat: Chunk             |     2 |     4 ||     6
Armor: Chain mail        |   117 |   233 ||   350
Dodge: Dodged            |    42 |    88 ||   130
Block: Shield            |   122 |   217 ||   339
       Rpst.: Long sword |    14 |    27 ||    41
